 Dungeon Crawl Stone Soup version 0.31-a0-691-g409c26aa35 (webtiles) character file.

Game seed: 16047404587410739232

88 SmokeWeed the Poker (level 4, -3/34 HPs)
             Began as a Merfolk Gladiator on Sept 6, 2023.
             Slain by a cerulean imp
             ... wielding a +1 spear
             ... summoned by Natasha
              (4 damage)
             ... on level 3 of the Dungeon.
             The game lasted 00:05:16 (1343 turns).

SmokeWeed the Poker (Merfolk Gladiator)             Turns: 1343, Time: 00:05:16

Health: -3/34      AC:  4    Str: 16    XL:     4   Next: 53%
Magic:  4/4        EV: 14    Int:  7    God:
Gold:   105        SH:  0    Dex: 21    Spells: 3/3 levels left

rFire   . . .        a - +0 trident
rCold   . . .        (no shield)
rNeg    . . .        b - +0 leather armour
rPois   .            c - +0 helmet
rElec   .            (no cloak)
rCorr   .            (no gloves)
SInv    .            (no boots)
Will    .....        (no amulet)
Stlth   ++           i - +6 ring of dexterity
HPRegen 0.25/turn    (no ring)
MPRegen 0.09/turn

%: no passive effects
@: no status effects
A: (nimble swimmer 2), mertail
a: no special abilities


You were on level 3 of the Dungeon.
You visited 1 branch of the dungeon, and saw 3 of its levels.

You collected 105 gold pieces.

Inventory:

Hand Weapons
 a - a +0 trident (weapon)
Missiles
 d - 3 throwing nets (quivered)
 e - a javelin
 l - 2 poisoned darts
 m - 2 boomerangs
 n - 4 silver javelins
Armour
 b - a +0 leather armour (worn)
 c - a +0 helmet (worn)
Jewellery
 i - a +6 ring of dexterity (left hand)
 k - a ring of protection from cold
Scrolls
 g - 2 scrolls of enchant armour {unknown}
 h - 3 scrolls of identify {unknown}
 j - a scroll of immolation {unknown}
 o - a scroll of amnesia {unknown}
 p - a scroll of blinking {unknown}
Potions
 f - a potion of degeneration {unknown}


   Skills:
 + Level 2.6 Fighting
 + Level 5.7 Polearms
 + Level 2.0 Throwing
 + Level 0.3 Armour
 + Level 4.6 Dodging
 + Level 1.2 Stealth


You had 3 spell levels left.
You didn't know any spells.
Your spell library was empty.

Dungeon Overview and Level Annotations

Branches:
Dungeon (3/15)

Altars:

Shops:
D:1 *

Annotations:
D:3 Natasha


Innate Abilities, Weirdness & Mutations

((You are very nimble when in or above water. (Stealth+, EV+, Speed+++)))
Your lower body shifts to a powerful aquatic tail in water.


Message History

You resist with some effort. Natasha closely misses you.
You puncture Natasha!
Natasha is almost dead.
Natasha barely misses you.
You hit Natasha.
You kill Natasha!
You hear a faint echoing roar filled with hate and sorrow!
Your Stealth skill increases to level 1!
You start resting.
Natasha, Servant of Life and Death comes into view.
She is carrying a wand of flame.
Natasha is nearby!
You are too injured to fight recklessly!
You are too injured to fight recklessly!
You are too injured to fight recklessly!
Natasha claws you.
You puncture Natasha!
Natasha is heavily wounded.
Natasha misses you.
You hit Natasha.
Natasha is heavily wounded.
Natasha casts a spell.
Natasha barely misses you.
You closely miss Natasha.
Natasha is heavily wounded.
You feel yourself speed up. Natasha claws you.
* * * LOW HITPOINT WARNING * * *
You miss Natasha.
Natasha is heavily wounded.
The cerulean imp closely misses you. Natasha claws you but does no damage.
You closely miss Natasha.
Natasha is heavily wounded.
The cerulean imp hits you from afar with a +1 spear.
* * * LOW HITPOINT WARNING * * *
Natasha zaps a wand.
The puff of flame hits you!
* * * LOW HITPOINT WARNING * * *
You barely miss Natasha.
Natasha is heavily wounded.
The cerulean imp hits you from afar with a +1 spear.
You die...

## #.. #.# # # #.# #.#
##.# #.# #..##?#.#
#...†# #.#########
...###...##
##........#
#....@#.###.#.#####.#
##.#h###.#.##.......##
##.5####.......#.#...
#.#..................
#.##.######.#.##.####.
#.# #. ..#.##...... #.
#. #..#.#######. # #.
.. #. #. #.


You could see Natasha and a cerulean imp (summoned).

Vanquished Creatures
  Natasha (D:3)
  2 adders (D:3)
  2 worms (D:2)
  A dart slug (D:1)
  An orc (D:3)
  9 ball pythons
  A bat (D:2)
  2 endoplasms (D:2)
  2 giant cockroaches
  2 goblins
  4 hobgoblins
  A quokka (D:1)
  4 frilled lizards
  5 kobolds
  A rat (D:2)
38 creatures vanquished.

Notes
Turn   | Place    | Note
-------+----------+-------------------------------------------
     0 | D:1      | SmokeWeed the Merfolk Gladiator began the quest for the
                  | Orb.
     0 | D:1      | Reached XP level 1. HP: 16/16 MP: 1/1
    27 | D:1      | Found Nibbes's General Store.
   108 | D:1      | Reached XP level 2. HP: 22/22 MP: 2/2
   382 | D:1      | Found a faded altar of an unknown god.
   741 | D:2      | Reached XP level 3. HP: 28/28 MP: 3/3
   761 | D:2      | Reached skill level 5 in Polearms
  1320 | D:3      | Noticed Natasha
  1330 | D:3      | Reached XP level 4. HP: 14/34 MP: 4/4
  1332 | D:3      | Killed Natasha
  1333 | D:3      | Reached skill level 1 in Stealth
  1336 | D:3      | Noticed Natasha
  1342 | D:3      | HP: 1/34 [Natasha/puff of flame (8)]
  1343 | D:3      | Slain by a cerulean imp

Illustrated notes

Levels and vault maps discovered:
D:1:      dpeg_arrival_erosion, layout_basic,
          shapermc_ecumenical_altar_totnotflames, serial_shops,
          nicolae_shop_hallway_plus
D:2:      layout_rooms
D:3:      layout_loops_ring, vehumet_statue, guppyfry_early_lair_pool,
          uniq_natasha, uniq_jessica

Skill      XL: |  1  2  3  4 |
---------------+-------------+-----
Polearms       | 5 |  5.7
Stealth        | 1 |  1.2
Fighting       | |  2.6
Throwing       | |  2.0
Armour         | |  0.3
Dodging        | |  4.6

Action                     |  1- 3 |  4- 6 || total
---------------------------+-------+-------++-------
  Melee: Trident           |   119 |     9 ||   128
   Stab: Sleeping          |     8 |       ||     8
 Armour: Leather armour    |    30 |     6 ||    36
  Dodge: Dodged            |    76 |     5 ||    81

Table legend: (Time is in decaauts)
 A = Elapsed time spent in this place.
 B = Non-inter-level travel time spent in this place.
 C = Inter-level travel time spent in this place.
 D = Time resting spent in this place.
 E = Time spent auto-exploring this place.
 F = Levels seen in this place.
 G = Mean time per level.
                   A        B        C        D        E       F      G
               +--------+--------+--------+--------+--------+-----+--------+
         Total |   1356 |   1298 |     58 |      6 |    981 |   3 |  452.0 |
       Dungeon |   1356 |   1298 |     58 |      6 |    981 |   3 |  452.0 |
               +--------+--------+--------+--------+--------+-----+--------+

Top non-repeatable levels by time:
     D:1: 678 daAuts
     D:2: 488 daAuts
     D:3: 189 daAuts
